 Dungeon Crawl Stone Soup version 0.26-b1-32-g5d43845318 (webtiles) character file.

Game seed: 5321195003474086665

99 Borgoz the Ducker (level 4, 0/38 HPs)
             Began as a Ghoul Gladiator on Jan 13, 2021.
             Killed from afar by an orc wizard (3 damage)
             ... with a magic dart
             ... on level 3 of the Dungeon.
             The game lasted 00:01:30 (2302 turns).

Borgoz the Ducker (Ghoul Gladiator)                 Turns: 2302, Time: 00:01:31

Health: 0/38       AC:  4    Str: 24    XL:     4   Next: 72%
Magic:  3/3        EV: 12    Int:  3    God:
Gold:   83         SH:  5    Dex: 10    Spells: 3/3 levels left

rFire    . . .     SeeInvis .   a - +0 flail
rCold    + . .     Faith    .   i - +2 buckler
rNeg     + + +     Spirit   .   b - +0 leather armour
rPois    ∞         Reflect  .   c - +0 helmet
rElec    .         Harm     .   (no cloak)
rCorr    .         Rampage  .   (no gloves)
Will     .....                  (no boots)
Stlth    +.........             (no amulet)
HPRegen  0.00/turn              e - +6 ring of strength
MPRegen  0.08/turn              (no ring)

@: no status effects
A: claws 1, cold resistance 1, negative energy resistance 3, inhibited
regeneration, torment resistance, unbreathing
a: no special abilities


You were on level 3 of the Dungeon.
You visited 1 branch of the dungeon, and saw 3 of its levels.

You collected 83 gold pieces.

Inventory:

Hand Weapons
 a - a +0 flail (weapon)
Missiles
 d - 3 throwing nets (quivered)
Armour
 b - a +0 leather armour (worn)
 c - a +0 helmet (worn)
 i - a +2 buckler (worn)
Jewellery
 e - a +6 ring of strength (left claw)
 p - an uncursed ring of flight
Scrolls
 g - a scroll of identify {unknown}
 h - 2 scrolls of enchant weapon {unknown}
 j - 2 scrolls of teleportation {unknown}
 k - a scroll of random uselessness {unknown}
 l - a scroll of remove curse {unknown}
 o - a scroll of fog {unknown}
Potions
 f - 4 potions of curing {unknown}
 m - a potion of invisibility {unknown}
 n - a potion of mutation {unknown}
 q - a potion of flight {unknown}
 r - a potion of lignification {unknown}


   Skills:
 * Level 3.2 Fighting
 * Level 3.3 Maces & Flails
 - Level 1.7 Throwing
 * Level 1.6 Armour
 * Level 3.3 Dodging


You had 3 spell levels left.
You didn't know any spells.
Your spell library was empty.

Dungeon Overview and Level Annotations

Branches:
Dungeon (3/15)

Altars:
Kikubaaqudgha


Innate Abilities, Weirdness & Mutations

You thrive by killing the living.
You are immune to poison.
You have sharp fingernails.
Your flesh is cold resistant. (rC+)
You are immune to negative energy. (rN+++)
You do not regenerate when monsters are visible.
You are immune to unholy pain and torment.
You can survive without breathing.


Message History

You start resting.
An orc wizard is nearby!
You see here a jackal corpse.
The orc wizard points at you and mumbles some strange words.
The magic dart hits you.
* * * LOW HITPOINT WARNING * * *
Things that are here:
a +0 dagger; a +0 robe The orc wizard casts a spell at you.
The magic dart hits you.
* * * LOW HITPOINT WARNING * * *
The orc wizard hits you with a +0 dagger.
* * * LOW HITPOINT WARNING * * *
Things that are here:
a +0 dagger; a +0 robe You closely miss the orc wizard.
The orc wizard is almost dead.
The orc wizard points at you and mumbles some strange words.
The magic dart hits you.
You die...

.# .# .#
.#
.#####.
##.#.....
#........
#..#.####
#@).....?
#o##.####
#†# # #<#
#.# ...
.....
##..(..
#..###.


You could see an orc wizard (fast).

Vanquished Creatures
  An orc wizard (D:3)
  2 adders (D:2)
  A dart slug (D:2)
  A leopard gecko (D:2)
  2 orcs (D:3)
  4 giant cockroaches
  3 goblins
  5 hobgoblins
  6 jackals
  A quokka (D:2)
  6 bats
  2 frilled lizards (D:2)
  4 kobolds
  4 rats
42 creatures vanquished.

Notes
Turn   | Place    | Note
-------+----------+-------------------------------------------
     0 | D:1      | Borgoz the Ghoul Gladiator began the quest for the Orb.
     0 | D:1      | Reached XP level 1. HP: 17/17 MP: 0/0
   364 | D:1      | Reached XP level 2. HP: 25/25 MP: 1/1
  1044 | D:2      | Reached skill level 1 in Armour
  1076 | D:2      | Reached XP level 3. HP: 6/30 MP: 2/2
  2025 | D:2      | Reached XP level 4. HP: 38/38 MP: 3/3
  2206 | D:2      | Found an ancient bone altar of Kikubaaqudgha.
  2302 | D:3      | Killed from afar by an orc wizard

Illustrated notes

Levels and vault maps discovered:
D:1:      dpeg_arrival_renting, layout_basic
D:2:      layout_basic, nicolae_overflow_hidden_temple
D:3:      layout_loops_ring, nemelex_xobeh_ov_fountains_minmay,
          saegor_snake_ambush, uniq_ijyb, uniq_grinder, uniq_terence

Skill      XL: |  1  2  3 |
---------------+----------+-----
Armour         | 1 |  1.6
Maces & Flails | 3 |  3.3
Dodging        | 3 |  3.3
Fighting       | 3 |  3.2
Throwing       | |  1.7

Action                   |  1- 3 |  4- 6 || total
-------------------------+-------+-------++-------
Melee: Flail             |   113 |    22 ||   135
Armor: Leather armour    |    43 |     4 ||    47
Dodge: Dodged            |    87 |    14 ||   101
Block: Buckler           |    30 |     9 ||    39
